 Dungeon Crawl Stone Soup version 0.28.0-43-g3370ac3207 (webtiles) character file.

Game seed: 6354490990468288035

44 saw2855 the Skirmisher (level 3, -2/34 HPs)
             Began as a Minotaur Berserker on Mar 13, 2022.
             Was a Believer of Trog.
             Succumbed to a gnoll's curare-tipped dart
             ... on level 2 of the Dungeon.
             The game lasted 00:05:17 (1376 turns).

saw2855 the Skirmisher (Minotaur Berserker)         Turns: 1376, Time: 00:05:18

Health: -2/34      AC:  8    Str: 23    XL:     3   Next: 41%
Magic:  2/2        EV:  8    Int:  4    God:    Trog [**....]
Gold:   22         SH:  0    Dex:  9    Spells: 2/2 levels left

rFire   . . .      SeeInvis .   a - +0 flail (protect)
rCold   . . .      Faith    .   (no shield)
rNeg    . . .      Spirit   .   c - +0 chain mail
rPois   .          Reflect  .   (helmet restricted)
rElec   .          Harm     .   (no cloak)
rCorr   .          Rampage  .   (no gloves)
Will    .....                   (no boots)
Stlth   ..........              (no amulet)
HPRegen 0.11/turn               (no ring)
MPRegen 0.08/turn               (no ring)

@: lethally poisoned (-2 -> -22), slowed, very slow
A: horns 2, retaliatory headbutt
a: Renounce Religion, Berserk, Trog's Hand


You were on level 2 of the Dungeon.
You worshipped Trog.
Trog was pleased with you.
You visited 1 branch of the dungeon, and saw 2 of its levels.

You collected 22 gold pieces.

Inventory:

Hand Weapons
 a - a +0 flail of protection (weapon)
Armour
 c - a +0 chain mail (worn)
Potions
 b - a potion of curing {unknown}
 d - a potion of haste {unknown}
 e - a potion of flight {unknown}


   Skills:
 + Level 4.6 Fighting
 - Level 4.1 Axes
 + Level 2.6 Armour
 + Level 2.2 Dodging
 + Level 0.8 Stealth


You had 2 spell levels left.
You didn't know any spells.
Your spell library was empty.

Dungeon Overview and Level Annotations

Branches:
Dungeon (2/15)

Altars:


Innate Abilities, Weirdness & Mutations

You have a pair of horns on your head.
You reflexively headbutt those who attack you in melee.


Message History

Your weapon exudes an aura of protection.
You kill the endoplasm!
Trog accepts your kill.
HP restored.
f - a scroll labelled BUIVYF OTEOLIS
As you read the scroll labelled BUIVYF OTEOLIS, it crumbles to dust.
You feel aware of your surroundings.
It was a scroll of magic mapping.
A kobold comes into view. It is wielding a +0 dagger.
The kobold shouts!
Found 18 stones.
Found 11 gold pieces.
You closely miss the kobold. The kobold closely misses you.
You furiously retaliate!
You headbutt the kobold!
You kill the kobold!
Trog accepts your kill.
Found a sapphire potion.
Things that are here:
a +0 dagger; a kobold corpse
Found a stone staircase leading down.
A frilled lizard comes into view.
A gnoll comes into view.
It is wielding a +0 halberd and quivering curare-tipped darts.
The gnoll throws a curare-tipped dart.
The curare-tipped dart hits you.
You are poisoned.
You have difficulty breathing.
You feel yourself slow down.
You feel very sick.
The gnoll throws a curare-tipped dart.
The curare-tipped dart hits you.
You are more poisoned.
You have difficulty breathing.
You feel as though you will be slow longer.
A gnoll comes into view. It is wielding a +0 whip.
* * * LOW HITPOINT WARNING * * *
You feel extremely sick.
The gnoll shouts!
A gnoll comes into view. It is wielding a +0 whip.
The gnoll throws a curare-tipped dart.
The curare-tipped dart hits you.
You are more poisoned.
You have difficulty breathing.
* * * LOW HITPOINT WARNING * * *
You feel as though you will be slow longer.
You die...

******....................#
*,,,**........###..####...####
*,,,**............## #......#
*,,,**.........)### ####...#
*,,,**....(......#########...#
*,,,**.........#.........#...#
*,,,**####...............#...#
*,,,**#..................#...#
*,,,,,.......@................
*,,,,,#.....$..............###
*,*,*,...g..##.##.........##
***,*,**#..g#.,..##.........####
*,,,,,* #...l.**###.............
*,*,****#.g.##* #.............
***,***,....* **##.#..#........
**,**,,,..** **,........##.....
*,,,,,,,,,****,,###............


You could see 2 gnolls and a frilled lizard (wandering).

Vanquished Creatures
  3 dart slugs (D:1)
  A worm (D:2)
  2 ball pythons (D:1)
  4 endoplasms
  2 giant cockroaches (D:1)
  2 goblins (D:1)
  4 hobgoblins (D:1)
  3 jackals (D:1)
  A bat (D:2)
  3 frilled lizards (D:1)
  5 kobolds
  3 rats (D:1)
33 creatures vanquished.

Notes
Turn   | Place    | Note
-------+----------+-------------------------------------------
     0 | D:1      | saw2855 the Minotaur Berserker began the quest for the Orb.
     0 | D:1      | Reached XP level 1. HP: 19/19 MP: 0/0
    64 | D:1      | Reached XP level 2. HP: 21/27 MP: 1/1
   758 | D:1      | Reached XP level 3. HP: 34/34 MP: 2/2
   955 | D:1      | Reached ** piety under Trog
  1376 | D:2      | Succumbed to a gnoll's curare-tipped dart

Illustrated notes

Levels and vault maps discovered:
D:1:      minmay_arrival_up_and_down, layout_basic, kennysheep_minor_cross
D:2:      layout_rooms, minmay_tree_intersection

Skill      XL: |  1  2 |
---------------+-------+-----
Fighting       | 4 |  4.6
Axes           | 4 |  4.1
Armour         | |  2.6
Dodging        | |  2.2
Stealth        | |  0.8

Action                   || total
-------------------------++-------
Melee: Hand axe          ||    38
       Headbutt          ||     8
       Flail             ||    22
  Use: Scroll            ||     2
 Stab: Sleeping          ||     1
Armor: Animal skin       ||     2
       Chain mail        ||    26
Dodge: Dodged            ||    23
